 Dungeon Crawl Stone Soup version 0.27.1-37-g7b29ead8ac (console) character file.

Game seed: 2295340349283696673

182 grimtooth the Sneak (level 5, 0/35 HPs)
             Began as a Vampire Enchanter on Nov 26, 2023.
             Slain by a rat (3 damage)
             ... in a sewer.
             The game lasted 00:15:49 (2825 turns).

grimtooth the Sneak (Vampire Enchanter)             Turns: 2825, Time: 00:15:49

Health: 0/35       AC:  3    Str:  7    XL:     5   Next: 34%
Magic:  7/8        EV:  9    Int: 19    God:
Gold:   137        SH:  0    Dex: 14    Spells: 2/8 levels left

rFire    . . .     SeeInvis +   b - +2 short sword (drain)
rCold    . . .     Faith    .   (no shield)
rNeg     . . .     Spirit   .   q - +0 robe
rPois    .         Reflect  .   (no helmet)
rElec    .         Harm     .   (no cloak)
rCorr    .         Rampage  .   (no gloves)
Will     .....                  n - +0 pair of boots
Stlth    +++.......             (no amulet)
HPRegen  0.31/turn              (no ring)
MPRegen  0.11/turn              (no ring)

@: mighty, lethally poisoned (0 -> -2), about to teleport, healing quickly,
constricted
A: alive, fangs 3, see invisible, vampiric 2
a: Exsanguinate


You were in a sewer.
You visited 1 branch of the dungeon, and saw 3 of its levels.
You also visited: Sewer.

You collected 137 gold pieces.

Inventory:

Hand Weapons
 a - a +1 dagger
 b - a +2 short sword of draining (weapon)
 u - a +0 dagger of speed
Missiles
 c - 42 stones (quivered)
 k - 8 boomerangs
 l - 51 sling bullets
 s - 3 poisoned darts
Armour
 n - a +0 pair of boots (worn)
 q - a +0 robe (worn)
Jewellery
 r - a ring of positive energy
Scrolls
 g - a scroll of enchant weapon {unknown}
 h - 2 scrolls of vulnerability
 i - a scroll of noise {unknown}
 j - a scroll of fear {unknown}
 p - a scroll of torment {unknown}
Potions
 e - a potion of magic {unknown}
 m - a potion of haste
 o - a potion of mutation {unknown}


   Skills:
 * Level 4.2 Short Blades
 - Level 2.1 Dodging
 - Level 6.0 Stealth
 + Level 2.0 Spellcasting
 + Level 5.8 Hexes


You had 2 spell levels left.
You knew the following spells:

 Your Spells              Type           Power      Damage    Failure   Level
a - Corona                Hex            26%        N/A       1%          1
e - Ensorcelled Hibernat  Hex/Ice        24%        N/A       8%          2
z - Confusing Touch       Hex            24%        N/A       4%          3

Your spell library contained the following spells:

 Spells                   Type           Power      Damage    Failure   Level
 Summon Small Mammal      Summ           4%         N/A       17%         1
 Tukima's Dance           Hex            24%        N/A       4%          3
 Dazzling Flash           Conj/Hex       24%        N/A       16%         3
 Summon Guardian Golem    Hex/Summ       12%        N/A       16%         3
 Call Canine Familiar     Summ           1%         N/A       45%         3


Dungeon Overview and Level Annotations

Branches:
Dungeon (3/15)              Sewer (1/1)

Altars:
Kikubaaqudgha
Trog


Innate Abilities, Weirdness & Mutations

Your natural rate of healing is accelerated.
You have razor-sharp teeth.
You have supernaturally acute eyesight. (SInv)
You are afflicted with vampirism and can become a bat while bloodless.


Message History

The adder closely misses you. x2; The rat bites you.
You hit the adder.
The adder is severely wounded.
The ball python bites you. The ball python constricts you.
The rat bites you but does no damage. The adder bites you.
* * * LOW HITPOINT WARNING * * *
You are poisoned.
The adder poisons you! The adder bites you but does no damage.
Okay, then.
Okay, then.
Okay, then.
There are monsters nearby!
Enter note: - well this has gone sideways
As you read the scroll labelled ADOPYG NYMPIGUNOCW, it crumbles to dust.
You feel strangely unstable.
It was a scroll of teleportation.
You feel sick. The rat completely misses you. The ball python bites you.
* * * LOW HITPOINT WARNING * * *
The ball python constricts you. The adder closely misses you.
The adder bites you but does no damage. The rat barely misses you.
Press: ? - help, v - describe, . - travel Some deep water.
Press: ? - help, v - describe, . - travel
Here: a rat The floor.
You closely miss the adder.
The adder is severely wounded.
You feel sick. The adder barely misses you. x2
The rat splashes around in the water.
The rat bites you.
* * * LOW HITPOINT WARNING * * *
The ball python barely misses you. The ball python constricts you.
The rat bites you but does no damage.
You barely miss the adder.
The adder is severely wounded.
You feel sick. The adder bites you.
* * * LOW HITPOINT WARNING * * *
The adder bites you but does no damage. The ball python barely misses you.
The ball python constricts you.
* * * LOW HITPOINT WARNING * * *
The rat bites you.
You die...

###†.†######...##..#####......###
.....†..#####.......##...........
..........##.....................
.................................
≈...≈≈.........................≈≈
≈≈≈≈≈..≈.≈≈.≈.≈...........≈≈.≈≈≈≈
≈≈≈≈≈≈≈≈≈≈≈≈≈≈≈≈≈.....≈≈..≈≈≈≈≈≈≈
≈≈≈≈≈≈≈≈≈≈≈≈≈≈≈≈.≈≈.≈..≈≈≈≈≈≈≈≈≈≈
≈≈≈≈≈≈≈≈≈≈≈≈≈≈≈≈≈≈≈≈≈≈≈≈≈≈≈≈≈≈≈≈≈
≈≈≈≈≈≈≈≈≈≈≈≈≈≈≈Sr≈≈≈≈≈≈≈≈≈≈≈≈≈≈≈≈
≈≈≈≈≈≈≈≈≈≈≈≈≈≈.r@r..≈..≈≈≈≈≈≈≈≈≈≈
≈≈≈≈≈≈≈##.≈.≈≈.SrS......≈..≈≈≈≈≈≈
#.......rr......##....≈.##
#.....##†.......## #......
....... ##.......# ..r...#
#.......... ####.. .r...####...
##rrr..### #.. ######


You could see 2 adders, a river rat, a ball python and 5 rats.

Vanquished Creatures
  A hound skeleton (D:3)
  3 adders
  5 river rats
  A worm (D:2)
  A dart slug (D:1)
  7 bats
  8 endoplasms
  3 giant cockroaches
  5 goblins
  8 hobgoblins
  4 jackals (D:1)
  15 kobolds
  3 quokkas
  7 ball pythons
  4 frilled lizards
  19 rats
94 creatures vanquished.

Notes
Turn   | Place    | Note
-------+----------+-------------------------------------------
     0 | D:1      | grimtooth the Vampire Enchanter began the quest for the
                  | Orb.
     0 | D:1      | Reached XP level 1. HP: 13/13 MP: 3/3
   205 | D:1      | Reached XP level 2. HP: 19/19 MP: 5/5
   235 | D:1      | Learned a level 2 spell: Ensorcelled Hibernation
   702 | D:1      | Reached skill level 5 in Stealth
   791 | D:1      | Gained mutation: You are afflicted with vampirism and can
                  | become a bat while bloodless. [Vampire growth]
   791 | D:1      | Reached XP level 3. HP: 21/24 MP: 2/6
  1160 | D:1      | Found a faded altar of an unknown god.
  1195 | D:1      | Reached skill level 5 in Hexes
  1288 | D:1      | Learned a level 3 spell: Confusing Touch
  1843 | D:2      | Reached XP level 4. HP: 28/30 MP: 3/7
  2214 | D:3      | Found a bloodstained altar of Trog.
  2233 | D:3      | Found an ancient bone altar of Kikubaaqudgha.
  2401 | D:3      | Found a glowing drain.
  2426 | D:3      | Reached XP level 5. HP: 19/35 MP: 6/8
  2437 | Sewer    | Entered a sewer
  2715 | Sewer    | Reached skill level 6 in Stealth
  2823 | Sewer    | - well this has gone sideways
  2825 | Sewer    | Slain by a rat

Illustrated notes

###†.†######...##..#####......###
.....†..#####.......##...........
..........##.....................
.................................
≈...≈≈.........................≈≈
≈≈≈≈≈..≈.≈≈.≈.≈...........≈≈.≈≈≈≈
≈≈≈≈≈≈≈≈≈≈≈≈≈≈≈≈≈.....≈≈..≈≈≈≈≈≈≈
≈≈≈≈≈≈≈≈≈≈≈≈≈≈≈≈.≈≈.≈..≈≈≈≈≈≈≈≈≈≈
≈≈≈≈≈≈≈≈≈≈≈≈≈≈≈≈≈≈≈≈≈≈≈≈≈≈≈≈≈≈≈≈≈
≈≈≈≈≈≈≈≈≈≈≈≈≈≈≈Sr≈≈≈≈≈≈≈≈≈≈≈≈≈≈≈≈
≈≈≈≈≈≈≈≈≈≈≈≈≈≈r≈@r..≈..≈≈≈≈≈≈≈≈≈≈
≈≈≈≈≈≈≈##.≈.≈≈.SrS......≈..≈≈≈≈≈≈
#.......rr......##....≈.##
#.....##†.......## #......
....... ##.......# ..r...#
#.......... ####.. .r...####...
##rrr..### #.. ######


Turn 2823 on Sewer: - well this has gone sideways

Levels and vault maps discovered:
D:1:      dpeg_arrival_rooms_c, layout_basic,
          hellmonk_ecumenical_altar_slurped_away
D:2:      layout_loops_ring
D:3:      layout_rooms, trog_hazing_becter, mainiacjoe_overflow_cross_hatched,
          gup_sewer_entry_bubbles, lexackson_kobold_supper
Sewer:    sewer_minmay_treatment

Skill      XL: |  1  2  3  4  5 |
---------------+----------------+-----
Short Blades   | 2 3 4 |  4.2
Stealth        | 5 6 |  6.0
Hexes          | 5 |  5.8
Dodging        | |  2.1
Spellcasting   | |  2.0

Action                   |  1- 3 |  4- 6 || total
-------------------------+-------+-------++-------
Melee: Dagger            |   210 |    17 ||   227
       Bite              |    12 |     7 ||    19
       Short sword       |       |   100 ||   100
 Cast: Corona            |    38 |    12 ||    50
       Ensorcelled Hiber |     9 |     6 ||    15
  Use: Scroll            |     3 |     3 ||     6
       Potion            |       |     2 ||     2
 Stab: Sleeping          |    13 |    12 ||    25
Armor: Robe              |    46 |    35 ||    81
Dodge: Dodged            |   149 |   102 ||   251
